 Dungeon Crawl Stone Soup version 0.27-a0-46-g34d46f0a3f (webtiles) character file.

Game seed: 12685916625880740884

0 robertstho the Caller (level 1, -1/16 HPs)
             Began as an Ogre Summoner on Jan 6, 2021.
             Slain by a wight
             ... wielding a cursed +0 long sword
              (5 damage)
             ... on level 2 of the Dungeon.
             The game lasted 00:00:50 (46 turns).

robertstho the Caller (Ogre Summoner)                 Turns: 46, Time: 00:00:50

Health: -1/16      AC:  4    Str: 11    XL:     1   Next: 10%
Magic:  1/3        EV: 10    Int: 16    God:
Gold:   0          SH:  0    Dex:  9    Spells: 3/4 levels left

rFire    . . .     SeeInvis .   (no weapon)
rCold    . . .     Faith    .   (no shield)
rNeg     . . .     Spirit   .   a - +1 robe
rPois    .         Reflect  .   (helmet restricted)
rElec    .         Harm     .   (no cloak)
rCorr    .         Rampage  .   (gloves unavailable)
Will     .....                  (boots unavailable)
Stlth    +.........             (no amulet)
HPRegen  0.05/turn              (no ring)
MPRegen  0.08/turn              (no ring)

@: no status effects
A: large, unfitting armour, tough skin 1
a: no special abilities


You were on level 2 of the Dungeon.
You visited 1 branch of the dungeon, and saw 2 of its levels.

Inventory:

Armour
 a - a +1 robe (worn)
Potions
 c - a potion of attraction {unknown}


   Skills:
 + Level 1.7 Dodging
 + Level 1.4 Stealth
 * Level 2.4 Spellcasting
 * Level 3.6 Summonings


You had 3 spell levels left.
You knew the following spells:

 Your Spells              Type           Power        Failure   Level
a - Summon Small Mammal   Summ           52%          4%          1

Your spell library contained the following spells:

 Spells                   Type           Power        Failure   Level
 Call Imp                 Summ           13%          7%          2
 Call Canine Familiar     Summ           13%          13%         3
 Summon Guardian Golem    Hex/Summ       7%           28%         3
 Summon Ice Beast         Ice/Summ       7%           67%         4
 Summon Lightning Spire   Summ/Air       7%           67%         4


Dungeon Overview and Level Annotations

Branches:
Dungeon (1/15)

Altars:


Innate Abilities, Weirdness & Mutations

You are too large for most types of armour.
You have tough skin. (AC +1)


Message History

Unknown command.
Your rat barely misses the wight.
You see here 15 sling bullets.
The wight closely misses you.
You open the door.
A hobgoblin and a kobold come into view.
The hobgoblin shouts!
The kobold shouts!
The hobgoblin closely misses you.
The kobold moves out of view.
Found a pair of boots.
You hit the hobgoblin.
The hobgoblin is heavily wounded.
The adder misses you. The wight barely misses you.
The hobgoblin closely misses you. The adder barely misses you.
You hit the hobgoblin but do no damage.
The hobgoblin is heavily wounded.
The hobgoblin hits you but does no damage.
The hobgoblin hits you.
* * * LOW HITPOINT WARNING * * *
The wight hits you with a cursed +0 long sword.
You die...

......# #....#
#....# #....#
#....#+###
#........# #
##z#.....# ...
#S#...S.##K....
#.#rzzz@g.....[
#.....g.#######
#.......#
#♣.....♣#
♣♣..$♣♣ ♣♣♣♣♣


You could see 3 wights, an adder, 2 hobgoblins, a kobold and a friendly rat
(summoned).

Vanquished Creatures
  A frilled lizard (D:2)
1 creature vanquished.

Notes
Turn   | Place    | Note
-------+----------+-------------------------------------------
     0 | D:1      | robertstho the Ogre Summoner began the quest for the Orb.
     0 | D:1      | Reached XP level 1. HP: 16/16 MP: 3/3
    18 | D:1      | You fall into a shaft and drop 1 floor!
    25 | D:2      | Noticed a wight
    29 | D:2      | Noticed a wight
    32 | D:2      | Noticed a wight
    46 | D:2      | Slain by a wight

Illustrated notes

Levels and vault maps discovered:
D:1:      lemuel_arrival_river_bridge, layout_rooms
D:2:      layout_basic, grunt_temple_overflow_holy_war,
          amethyst_overflow_temple_binary, serial_forest,
          infiniplex_forest_end_2, infiniplex_forest_lined_2,
          infiniplex_forest_clump_diagonal, infiniplex_forest_lined_3,
          infiniplex_forest_clump_small, kennysheep_nub, elyvilon_altar_1,
          uniq_natasha, uniq_robin

Action                   || total
-------------------------++-------
Melee: Unarmed           ||     7
 Cast: Summon Small Mamm ||     4
  Use: Scroll            ||     1
Armor: Robe              ||     3
Dodge: Dodged            ||    10

Table legend: (Time is in decaauts)
 A = Elapsed time spent in this place.
 B = Non-inter-level travel time spent in this place.
 C = Inter-level travel time spent in this place.
 D = Time resting spent in this place.
 E = Time spent auto-exploring this place.
 F = Levels seen in this place.
 G = Mean time per level.
                   A        B        C        D        E       F      G
               +--------+--------+--------+--------+--------+-----+--------+
         Total |     45 |     45 |      0 |      0 |     17 |   2 |   22.5 |
       Dungeon |     45 |     45 |      0 |      0 |     17 |   2 |   22.5 |
               +--------+--------+--------+--------+--------+-----+--------+

Top non-repeatable levels by time:
     D:2: 27 daAuts
     D:1: 18 daAuts
